 Seeded DCSS version 0.30.0-10-gfe55d96785 (webtiles) character file.

Game seed: 18007716519941398942 (custom seed)

442 Danienth the Grave Robber (level 6, -1/32 HPs)
             Began as a Deep Elf Necromancer on May 14, 2023.
             Was a Priest of Vehumet.
             Slain by a bullfrog (2 damage)
             ... on level 5 of the Dungeon.
             The game lasted 00:26:37 (4073 turns).

Danienth the Grave Robber (Deep Elf Necromancer)    Turns: 4073, Time: 00:26:37

Health: -1/32      AC: 10    Str: 11    XL:     6   Next: 71%
Magic:  1/17       EV: 12    Int: 20    God:    Vehumet [***...]
Gold:   194        SH:  0    Dex: 15    Spells: 3/17 levels left

rFire   . . .        j - staff of death "Xeantere" {Drain rElec rN+ rCorr Str+4}
rCold   . . .        (no shield)
rNeg    + . .        r - +1 leather armour
rPois   .            (no helmet)
rElec   +            E - +0 cloak
rCorr   +            (no gloves)
SInv    .            B - +0 pair of boots
Will    +....        e - amulet of faith
Stlth   ++           v - +4 ring of protection
HPRegen 0.25/turn    t - ring of willpower
MPRegen 0.15/turn

%: faith
@: no status effects
A: no striking features
a: Renounce Religion


You were on level 5 of the Dungeon.
You worshipped Vehumet.
Vehumet was most pleased with you.
You visited 1 branch of the dungeon, and saw 5 of its levels.

You collected 194 gold pieces.

Inventory:

Hand Weapons
 m - a +0 long sword
 n - a +6 longbow
 p - the +2 hand axe "Plog" {drain, +Blink rCorr}
   (You found it on level 2 of the Dungeon)

   +Blink:    It lets you blink.
   rCorr:     It protects you from acid and corrosion.
 G - a +3 heavy trident
Armour
 a - a +1 robe
 r - a +1 leather armour (worn)
 B - a +0 pair of boots (worn)
 E - a +0 cloak (worn)
Magical Staves
 j - the staff of death "Xeantere" (weapon) {Drain rElec rN+ rCorr Str+4}
   (You acquired it on level 1 of the Dungeon)

   [staff of death]

   Base accuracy: +5 Base damage: 5 Base attack delay: 1.2 This weapon's minimum
   attack delay (0.6) is reached at skill level 12.
   Str:       It affects your strength (+4).
   rElec:     It insulates you from electricity.
   rN:        It protects you from negative energy.
   rCorr:     It protects you from acid and corrosion.
   Drain:     It drains your maximum health when unequipped.
   It falls into the 'Staves' category.
   It is a one-handed weapon.
Jewellery
 e - an amulet of faith (around neck)
 f - an amulet of the acrobat
 t - a ring of willpower (right hand)
 v - a +4 ring of protection (left hand)
 w - a ring of positive energy
Wands
 C - a wand of polymorph (2)
Scrolls
 c - a scroll of magic mapping
 i - a scroll of fog
 k - a scroll of brand weapon {unknown}
 o - 2 scrolls of amnesia
 q - 2 scrolls of identify
 y - 2 scrolls of torment {unknown}
 A - a scroll of vulnerability {unknown}
 D - 2 scrolls of teleportation {unknown}
 F - a scroll of enchant weapon {unknown}
Potions
 b - a potion of magic
 d - 2 potions of berserk rage {unknown}
 g - 2 potions of might
 h - a potion of heal wounds
 l - 2 potions of attraction {unknown}
 s - a potion of resistance {unknown}
 u - a potion of haste {unknown}
Miscellaneous
 z - a piece from Xom's chessboard (15/15)


   Skills:
 + Level 0.1 Fighting
 + Level 0.3 Ranged Weapons
 + Level 1.7 Armour
 + Level 2.8 Dodging
 + Level 2.8 Stealth
 + Level 6.2 Spellcasting
 + Level 7.4 Necromancy


You had 3 spell levels left.
You knew the following spells:

 Your Spells              Type           Power      Damage    Failure   Level
a - Necrotise             Necr           100%       1d9       1%          1
b - Sandblast             Erth           12%        2d6       4%          1
c - Vampiric Draining     Necr           52%        2d9       1%          3
d - Foxfire               Conj/Fire      24%        2x1d5     4%          1
e - Animate Dead          Necr           52%        N/A       6%          4
f - Lesser Beckoning      Tloc           12%        N/A       21%         2
g - Poisonous Vapours     Pois/Air       12%        N/A       5%          2

Your spell library contained the following spells:

 Spells                   Type           Power      Damage    Failure   Level
 Airstrike                Air            3%         2d(1-17)  32%         4
 Inner Flame              Hex/Fire       6%         N/A       11%         3
 Gell's Gravitas          Tloc           6%         N/A       38%         3
 Teleport Other           Tloc           6%         N/A       38%         3
 Agony                    Necr           52%        N/A       17%         5
 Flame Wave               Conj/Fire      6%         2d5       32%         4
 Sticky Flame             Conj/Fire      6%         2d3       32%         4
 Borgnjor's Vile Clutch   Necr/Erth      15%        N/A       63%         5
 Alistair's Intoxication  Tmut/Pois      4%         N/A       98%         5
 Eringya's Noxious Bog    Tmut/Pois      3%         N/A       99%         6
 Haunt                    Necr/Summ      15%        N/A       100%        7
 Infestation              Necr           26%        N/A       100%        8


Dungeon Overview and Level Annotations

Branches:
Dungeon (5/15)
 Temple: D:4-7

Altars:
Nemelex Xobeh
Qazlal
Vehumet
Wu Jian
Xom
Zin
The Shining One

Shops:
D:2 :

Annotations:
D:5 Grinder


Message History

The foxfire hits Grinder but does no damage.
Grinder is severely wounded.
A gnoll comes into view. It is wielding a +0 hand axe.
Casting: Foxfire (safe; 4% risk of failure)
Confirm with . or Enter, or press ? or * to list all spells.
You conjure some foxfire!
The gnoll shouts!
The foxfire hits Grinder but does no damage.
Grinder is severely wounded.
The gnoll hits you but does no damage.
Casting: Foxfire (safe; 4% risk of failure)
Confirm with . or Enter, or press ? or * to list all spells.
Aiming: Sandblast (safe; 4% risk of failure)
Press: ? - help, Shift-Dir - straight line, f/p - Grinder
Aim: Grinder (severely wounded, ally target, 78% to hit)
The blast of sand misses Grinder.
The blast of sand hits the gnoll bouda.
The gnoll bouda is lightly wounded.
The foxfire hits Grinder.
Grinder is severely wounded.
The foxfire hits Grinder.
Grinder is severely wounded.
Grinder gestures at you.
You suddenly lose the ability to move!
The gnoll hits you with a +0 club.
Grinder blinks!
The gnoll hits you but does no damage. x2
The gnoll hits you but does no damage. The bullfrog hits you.
The gnoll hits you with a +0 club. The bullfrog completely misses you.
The gnoll bouda hits you with a +0 whip.
Grinder blinks!
The gnoll hits you but does no damage.
The gnoll hits you from afar with a +0 spear.
The bullfrog hits you. The gnoll hits you with a +0 club.
The gnoll bouda hits you with a +0 whip.
* * * LOW HITPOINT WARNING * * *
Grinder blinks!
The gnoll hits you with a +0 hand axe.
* * * LOW HITPOINT WARNING * * *
The gnoll hits you from afar with a +0 spear.
* * * LOW HITPOINT WARNING * * *
You can move again.
The bullfrog misses you. The gnoll misses you. The bullfrog hits you.
You die...

.......# ......
....)
#...#####...>...
##..5...........
##..............
#..............#
#.g@g†.........#
.#..Fg..........#
#...g............#
#................#
###.............##
#............##
#..####.######
.... #.# . ...


You could see Grinder, a bullfrog, a gnoll bouda and 3 gnolls.

Vanquished Creatures
  A phantom (D:4)
  A scorpion (D:4)
  A hound (D:4)
  A sleepcap (D:4)
  An iguana (D:5)
  Ijyb (D:4)
  2 gnolls (D:4)
  An adder (D:2)
  2 worms (D:2)
  4 dart slugs
  2 orcs (D:4)
  3 bats
  10 endoplasms
  4 giant cockroaches
  11 goblins
  2 hobgoblins (D:1)
  6 jackals
  3 quokkas
  7 ball pythons
  3 frilled lizards
  9 kobolds
  6 rats
81 creatures vanquished.

Vanquished Creatures (collateral kills)
  Blork the orc (D:4)
  A gnoll (D:4)
  A worm (D:2)
  A quokka (D:4)
  A frilled lizard (D:1)
  A butterfly (D:3)
6 creatures vanquished.

Vanquished Creatures (others)
  A gnoll zombie (D:4)
  A kobold zombie (D:4)
  A quokka zombie (D:4)
  39 foxfires
42 creatures vanquished.

Grand Total: 129 creatures vanquished

Notes
Turn   | Place    | Note
-------+----------+-------------------------------------------
     0 | D:1      | Danienth the Deep Elf Necromancer began the quest for the
                  | Orb.
     0 | D:1      | Reached XP level 1. HP: 10/10 MP: 6/6
    40 | D:1      | Reached skill level 5 in Necromancy
   113 | D:1      | Reached XP level 2. HP: 15/15 MP: 2/8
   224 | D:1      | Found a faded altar of an unknown god.
   224 | D:1      | Noticed a neqoxec
   232 | D:1      | Prayed at the altar of an unknown god.
   232 | D:1      | Became a worshipper of Vehumet
   232 | D:1      | Reached * piety under Vehumet
   232 | D:1      | Offered knowledge of Sandblast by Vehumet.
   558 | D:1      | Reached XP level 3. HP: 16/19 MP: 7/10
   803 | D:1      | Learned a level 1 spell: Sandblast
   807 | D:1      | Learned a level 3 spell: Vampiric Draining
  1126 | D:1      | Offered knowledge of Foxfire by Vehumet.
  1131 | D:1      | Reached ** piety under Vehumet
  1201 | D:1      | Identified 3 scrolls of acquirement
  1201 | D:1      | Acquired a +6 longbow
  1204 | D:1      | Acquired a book of Death
  1206 | D:1      | Acquired the staff of death "Xeantere" {Drain rElec rN+
                  | rCorr Str+4}
  1219 | D:1      | Learned a level 1 spell: Foxfire
  1270 | D:2      | Identified the +2 hand axe "Plog" {drain, +Blink rCorr}
  1610 | D:2      | Found Lemucar's Book Boutique.
  1632 | D:2      | Reached XP level 4. HP: 24/24 MP: 4/12
  1653 | D:2      | Learned a level 4 spell: Animate Dead
  1855 | D:2      | Learned a level 2 spell: Lesser Beckoning
  1957 | D:2      | Offered knowledge of Poisonous Vapours by Vehumet.
  2254 | D:3      | Found a shimmering altar of Xom.
  2336 | D:3      | Found a glowing silver altar of Zin.
  2464 | D:3      | Found a glowing golden altar of the Shining One.
  2496 | D:3      | Found a stormy altar of Qazlal.
  2501 | D:3      | Reached *** piety under Vehumet
  3105 | D:4      | Noticed a scorpion
  3109 | D:4      | Killed a scorpion
  3110 | D:4      | Reached skill level 5 in Spellcasting
  3110 | D:4      | Reached skill level 6 in Necromancy
  3110 | D:4      | Reached XP level 5. HP: 28/28 MP: 8/14
  3209 | D:4      | Reached skill level 1 in Armour
  3289 | D:4      | Found an ornate altar of the Wu Jian Council.
  3531 | D:4      | Noticed Blork the orc
  3542 | D:4      | Killed Blork the orc
  3543 | D:4      | Reached skill level 7 in Necromancy
  3543 | D:4      | Reached XP level 6. HP: 25/32 MP: 10/16
  3591 | D:4      | Learned a level 2 spell: Poisonous Vapours
  3763 | D:4      | Found a sparkling altar of Nemelex Xobeh.
  3930 | D:5      | Entered Level 5 of the Dungeon
  3930 | D:5      | Noticed Ijyb
  3939 | D:5      | Noticed Grinder
  3958 | D:5      | Offered knowledge of Airstrike by Vehumet.
  3964 | D:4      | Killed Ijyb
  4069 | D:5      | Paralysed by Grinder for 4 turns
  4072 | D:5      | HP: 1/32 [gnoll/+0 spear[a gnoll bouda] (1)]
  4073 | D:5      | Slain by a bullfrog

Illustrated notes

Levels and vault maps discovered:
D:1:      psy_arrival_dodecagon, layout_basic,
          dreamdust_ecumenical_altar_sealed_demon
D:2:      layout_loops_cross, serial_shops, shop, minmay_misc_feat_cross,
          glass_columns_c, minmay_ruptured
D:3:      layout_basic, xom_butterflies, nicolae_qazlal_scattered_showers,
          nicolae_overflow_crystal_walls, tso_oasis_becter
D:4:      layout_cave_pools, kennysheep_mini, nicolae_wu_jian_wuxing_cycle,
          serial_column_ruins, column_ruins_circle_small, column_ruins_grid_3,
          column_ruins_open_large, column_ruins_grid_1, column_ruins_grid_1,
          column_ruins_open_tiny, chequers_hall_statues_wall_a,
          chequers_serial_rivers_micro_c, uniq_blork_the_orc
D:5:      minmay_evil_eye, layout_rooms, nicolae_ru_the_path_less_chosen,
          uniq_ijyb, uniq_grinder

Skill      XL: |  1  2  3  4  5  6 |
---------------+-------------------+-----
Necromancy     | 5 6 7 |  7.4
Spellcasting   | 4 5 6 |  6.2
Armour         | 1 |  1.7
Fighting       | |  0.1
Ranged Weapons | |  0.3
Dodging        | |  2.8
Stealth        | |  2.8

Action                     |  1- 3 |  4- 6 || total
---------------------------+-------+-------++-------
  Melee: Unarmed           |    16 |       ||    16
         Long sword        |     3 |       ||     3
         Staff             |       |     9 ||     9
   Fire: Longbow           |     3 |     1 ||     4
   Cast: Necrotise         |    75 |    92 ||   167
         Animate Dead      |       |     2 ||     2
         Foxfire           |       |    21 ||    21
         Sandblast         |       |     3 ||     3
    Use: Scroll            |     8 |     5 ||    13
         Potion            |       |     2 ||     2
 Armour: Robe              |     8 |       ||     8
         Leather armour    |       |    37 ||    37
  Dodge: Dodged            |    42 |    33 ||    75
